 Dungeon Crawl Stone Soup version 0.29-a0-284-gf9362112df (webtiles) character file.

Game seed: 6875741282355399618

126 sammy202020 the Skirmisher (level 5, 0/58 HPs)
             Began as an Ogre Berserker on Mar 27, 2022.
             Was a Believer of Trog.
             Slain by Terence
             ... wielding a +3 falchion of protection
              (3 damage)
             ... on level 3 of the Dungeon.
             The game lasted 00:02:20 (3333 turns).

sammy202020 the Skirmisher (Ogre Berserker)         Turns: 3333, Time: 00:02:21

Health: 0/58       AC:  3    Str: 21    XL:     5   Next: 10%
Magic:  5/5        EV: 10    Int: 10    God:    Trog [**....]
Gold:   170        SH:  0    Dex:  8    Spells: 4/4 levels left

rFire   . . .      SeeInvis .   r - +2 mace (vorpal)
rCold   . . .      Faith    .   (no shield)
rNeg    . . .      Spirit   .   b - +0 animal skin
rPois   .          Reflect  .   (helmet restricted)
rElec   .          Harm     .   (no cloak)
rCorr   .          Rampage  .   (gloves unavailable)
Will    .....                   (boots unavailable)
Stlth   +.........              (no amulet)
HPRegen 0.19/turn               (no ring)
MPRegen 0.09/turn               (no ring)

@: no status effects
A: large, unfitting armour, tough skin 1
a: Renounce Religion, Berserk, Trog's Hand


You were on level 3 of the Dungeon.
You worshipped Trog.
Trog was pleased with you.
You visited 1 branch of the dungeon, and saw 3 of its levels.

You collected 170 gold pieces.

Inventory:

Hand Weapons
 a - a +0 mace
 r - a +2 vorpal mace (weapon)
Armour
 b - a +0 animal skin (worn)
Scrolls
 f - a scroll of fog {unknown}
 g - 2 scrolls of vulnerability {unknown}
 h - 2 scrolls of identify {unknown}
 l - 3 scrolls of immolation {unknown}
 m - a scroll of amnesia {unknown}
 n - 2 scrolls of noise {unknown}
 o - a scroll of teleportation {unknown}
 p - a scroll of enchant armour {unknown}
Potions
 c - 2 potions of degeneration {unknown}
 d - a potion of heal wounds {unknown}
 e - a potion of cancellation {unknown}
 i - a potion of lignification {unknown}
 j - 2 potions of might {unknown}
 k - a potion of mutation {unknown}
 q - a potion of brilliance {unknown}


   Skills:
 * Level 5.6 Fighting
 * Level 3.8 Maces & Flails
 + Level 3.3 Dodging


You had 4 spell levels left.
You didn't know any spells.
Your spell library was empty.

Dungeon Overview and Level Annotations

Branches:
Dungeon (3/15)

Altars:

Annotations:
D:3 Terence


Innate Abilities, Weirdness & Mutations

You are too large for most types of armour.
You have tough skin. (AC +1)


Message History

Terence is lightly wounded.
Terence hits you with a +3 falchion of protection. x2
You barely miss Terence.
Terence is lightly wounded.
Terence hits you with a +3 falchion of protection!
You barely miss Terence.
Terence is lightly wounded.
Terence hits you with a +3 falchion of protection.
You hit Terence but do no damage.
Terence is lightly wounded.
Terence hits you with a +3 falchion of protection!
You are too injured to fight recklessly!
You are too injured to fight recklessly!
You are too injured to fight recklessly!
You are too injured to fight recklessly!
You are too injured to fight recklessly!
You are too injured to fight recklessly!
You are too injured to fight recklessly!
You are too injured to fight recklessly!
You are too injured to fight recklessly!
You are too injured to fight recklessly!
You are too injured to fight recklessly!
You are too injured to fight recklessly!
Unknown command.
You fail to use your ability.
Terence hits you with a +3 falchion of protection!
* * * LOW HITPOINT WARNING * * *
You hit Terence but do no damage.
Terence is lightly wounded.
Terence hits you with a +3 falchion of protection.
* * * LOW HITPOINT WARNING * * *
You closely miss Terence.
Terence is lightly wounded.
Terence closely misses you.
Terence hits you with a +3 falchion of protection.
* * * LOW HITPOINT WARNING * * *
You barely miss Terence.
Terence is lightly wounded.
Terence hits you with a +3 falchion of protection.
You die...

#.# #.# #.#
####.# #.#
#.# #.# #.#
#.# #.# #.#
#.# #.# #..
..# #.###.#
#.# #. ###
#...|.# #.#
####### #.#
#.#
#.#########
#..@@......
#.#########
###


You could see Terence.

Vanquished Creatures
  5 adders
  2 dart slugs (D:1)
  5 orcs (D:3)
  7 ball pythons
  3 bats
  An endoplasm (D:2)
  6 giant cockroaches
  7 hobgoblins
  4 jackals (D:1)
  A frilled lizard (D:2)
  8 goblins
  9 kobolds
  7 rats
65 creatures vanquished.

Notes
Turn   | Place    | Note
-------+----------+-------------------------------------------
     0 | D:1      | sammy202020 the Ogre Berserker began the quest for the Orb.
     0 | D:1      | Reached XP level 1. HP: 24/24 MP: 1/1
    89 | D:1      | Reached XP level 2. HP: 27/32 MP: 2/2
   366 | D:1      | Found a faded altar of an unknown god.
   595 | D:1      | Reached XP level 3. HP: 38/40 MP: 3/3
   773 | D:1      | Reached ** piety under Trog
  1437 | D:2      | Reached skill level 5 in Fighting
  1551 | D:2      | Reached XP level 4. HP: 39/50 MP: 4/4
  2938 | D:3      | Reached XP level 5. HP: 57/57 MP: 5/5
  3319 | D:3      | Noticed Terence
  3333 | D:3      | Slain by Terence

Illustrated notes

Levels and vault maps discovered:
D:1:      grunt_arrival_crossed_arrows, layout_rooms, basic_ecumenical_altar,
          dk_noncrumbling_2, minmay_pentomino_z4
D:2:      layout_basic
D:3:      layout_basic, uniq_terence

Skill      XL: |  1  2  3 |
---------------+----------+-----
Maces & Flails | 3 |  3.8
Dodging        | 3 |  3.3
Fighting       | 5 |  5.6

Action                   |  1- 3 |  4- 6 || total
-------------------------+-------+-------++-------
Melee: Mace              |   122 |   101 ||   223
       Punch             |     1 |       ||     1
Armor: Animal skin       |    57 |    16 ||    73
Dodge: Dodged            |    95 |    45 ||   140

Table legend: (Time is in decaauts)
 A = Elapsed time spent in this place.
 B = Non-inter-level travel time spent in this place.
 C = Inter-level travel time spent in this place.
 D = Time resting spent in this place.
 E = Time spent auto-exploring this place.
 F = Levels seen in this place.
 G = Mean time per level.
                   A        B        C        D        E       F      G
               +--------+--------+--------+--------+--------+-----+--------+
         Total |   3384 |   3368 |     16 |      0 |   2863 |   3 | 1128.0 |
       Dungeon |   3384 |   3368 |     16 |      0 |   2863 |   3 | 1128.0 |
               +--------+--------+--------+--------+--------+-----+--------+

Top non-repeatable levels by time:
     D:2: 1205 daAuts
     D:1: 1174 daAuts
     D:3: 1004 daAuts
